 Dungeon Crawl Stone Soup version 0.21.1-1-g345015f (webtiles) character file.

69 Monsterracer the Ducker (level 4, 21/21 HPs)
             Began as a Felid Monk on Feb 10, 2018.
             Quit the game on level 3 of the Dungeon.
             The game lasted 00:05:32 (4583 turns).

Monsterracer the Ducker (Felid Monk)                Turns: 4583, Time: 00:05:33

Health: 21/21      AC:  1    Str:  7    XL:     4   Next: 2%
Magic:  5/5        EV: 20    Int: 13    God:
Gold:   92         SH:  0    Dex: 18    Spells: 1/3 levels left
                                        Lives:  0   Deaths: 1

rFire    . . .     SeeInvis +     - Unarmed
rCold    . . .     Gourm    .   (shield unavailable)
rNeg     . . .     Faith    .   (armour unavailable)
rPois    .         Spirit   .   (helmet unavailable)
rElec    .         Reflect  .   (cloak unavailable)
rCorr    .         Harm     .   (gloves unavailable)
MR       .....                  (boots unavailable)
Stlth    +++.......             (no amulet)
HPRegen  0.07/turn              k - ring of flight
MPRegen  0.09/turn              (no ring)

@: quick
A: very small, no armour, no weapons or thrown items, stealth, claws 1, fangs 3,
see invisible, carnivore, speed 1, shaggy fur 1, slow metabolism 1, sharp paws
a: Evoke Flight


You were on level 3 of the Dungeon.
You were not hungry.

You visited 1 branch of the dungeon, and saw 3 of its levels.

You collected 92 gold pieces.

Inventory:

Jewellery
 e - an uncursed amulet of guardian spirit
 k - a ring of flight (left paw)
Scrolls
 f - 2 scrolls of remove curse {unknown}
 g - a scroll of random uselessness {unknown}
 h - a scroll of noise {unknown}
 j - 5 scrolls of identify {unknown}
 q - a scroll of magic mapping {unknown}
 s - a scroll of enchant armour {unknown}
Potions
 a - 2 potions of degeneration {unknown}
 b - a potion of might {unknown}
 d - 2 potions of ambrosia {unknown}
 i - 4 potions of curing {unknown}
 m - a potion of haste {unknown}
 n - 2 potions of brilliance {unknown}
 o - a potion of lignification {unknown}
 p - a potion of cancellation {unknown}
Books
 l - a book of Maledictions

   Spells                             Type                      Level
   a - Corona                         Hexes                        1
   b - Ensorcelled Hibernation        Hexes/Ice                    2
   c - Confuse                        Hexes                        3
   d - Tukima's Dance                 Hexes                        3
   e - Dazzling Spray                 Conjuration/Hexes            3
Comestibles
 c - 3 rations


   Skills:
 + Level 3.6 Fighting
 + Level 4.9 Dodging
 + Level 4.1 Stealth
 * Level 4.2 Unarmed Combat
 + Level 0.7 Hexes


You had one spell level left.
You knew the following spells:

 Your Spells              Type           Power        Failure   Level  Hunger
a - Ensorcelled Hibernat  Hex/Ice        #.....       38%         2    ###....


Dungeon Overview and Level Annotations

Branches:
Dungeon (3/15)

Altars:


Innate Abilities, Weirdness & Mutations

You cannot wear armour.
You are incapable of wielding weapons or throwing items.
Your paws allow you to move quietly. (Stealth)
You have sharp claws.
You have razor-sharp teeth.
You have supernaturally acute eyesight. (SInv)
You are carnivorous and can eat meat at any time.
You cover ground quickly.
You are covered in fur. (AC +1)
You have a slow metabolism.
Your sharp claws are effective at attacking unaware monsters.


Message History

A hobgoblin comes into view.
The helpless hobgoblin fails to defend itself.
You mangle the hobgoblin!!
You kill the hobgoblin!
No target in view!
You now have 84 gold pieces (gained 3).
You see here a hobgoblin corpse.
Found a stone staircase leading up.
There is a stone staircase leading up here.
You now have 92 gold pieces (gained 8).
Found a ring mail.
There is a stone staircase leading up here.
You climb upwards.
There is a stone staircase leading down here.
Done exploring.
Done exploring.
Things that are here:
a robe; a whip The gnoll shouts!
The gnoll misses you.
You barely miss the gnoll. You scratch the gnoll but do no damage.
The gnoll hits you with a halberd!
You take 7 damage, and have 14/21 hp.
MASSIVE DAMAGE!!
You barely miss the gnoll. You completely miss the gnoll. The gnoll misses you.
You scratch the gnoll. You claw the gnoll, but do no damage.
The gnoll is moderately wounded.
The gnoll misses you.
You barely miss the gnoll. You bite the gnoll.
The gnoll is heavily wounded.
The gnoll closely misses you.
You barely miss the gnoll. You bite the gnoll, but do no damage.
The gnoll is heavily wounded.
The gnoll misses you.
You scratch the gnoll.
The gnoll is heavily wounded.
The gnoll misses you.
You scratch the gnoll.
The gnoll is almost dead.
You scratch the gnoll but do no damage. You bite the gnoll, but do no damage.
The gnoll is almost dead.
The gnoll hits you with a halberd.
* * * LOW HITPOINT WARNING * * *
You take 5 damage, and have 10/21 hp.
MASSIVE DAMAGE!!
You closely miss the gnoll.
The gnoll is almost dead.
The gnoll barely misses you.
You closely miss the gnoll.
You kill the gnoll!
You have reached level 5!
You feel clever.
All of the chunks of flesh in your inventory have rotted away.
MP restored: 6 Key pressed, stopping explore.
HP restored.
Done exploring.
Health restored: 24 Done exploring.
Done exploring.
You see here a halberd.
Things that are here:
a buckler; a spear
There is a stone staircase leading down here.
You climb downwards.
There is a stone staircase leading up here.
You open the door.
There is an open door here.
An orc comes into view. It is wielding a falchion.
An orc is nearby!
An orc is nearby!
The orc shouts!
An orc wizard comes into view. It is wielding a dagger.
The orc wizard moves out of view.
An orc comes into view. It is wielding a mace.
You scratch the orc but do no damage. You closely miss the orc.
The orc wizard shouts!
Your bite misses the orc. The orc hits you with a falchion.
You take 5 damage, and have 19/24 hp.
MASSIVE DAMAGE!!
The orc wizard mumbles some strange words.
The orc wizard seems to speed up.
The orc wizard gestures wildly while chanting.
The orc wizard flickers and vanishes for a moment.
You closely miss the orc. The orc hits you with a falchion!
You take 7 damage, and have 14/24 hp.
MASSIVE DAMAGE!!
You barely miss the orc. The orc misses you.
The orc wizard gestures at you while chanting.
The puff of flame hits you!
* * * LOW HITPOINT WARNING * * *
You take 9 damage, and have 5/24 hp.
MASSIVE DAMAGE!!
The orc wizard points at you and mumbles some strange words.
The magic dart hits you!
You die...
You are now level 4!
You rejoin the land of the living...
Health restored: 21 You now have 5/5 mp.
Are you sure you want to abandon this character and quit the game? (Confirm with "yes".)
Okay, then.
Are you sure you want to abandon this character and quit the game? (Confirm with "yes".)

####.##.# #.# #.#.##.#....#.
#.##.# #.# #.#.##......#.
#.##.###.########.#.........†.
#........##....>..#######.####
####.######.#####.# #.#
#.......##.# #...# #.#
#.#.###.##.# #.#.# #+# #.#.#
#.##.###.#.#
##.#.###.##..@....#
##.....##.######.###
###.........#####...####
.......................+
###.........#####...####
#.........# ##.## #.#.....#.#
#.# #.##...##.# #.#
#.>.......# ..#


There were no monsters in sight!

Vanquished Creatures
  A gnoll shaman (D:2)
  5 gnolls
  2 adders
  3 worms
  A dart slug (D:1)
  2 leopard geckos
  2 giant cockroaches
  2 goblins (D:1)
  7 hobgoblins
  A quokka (D:2)
  A ball python (D:2)
  2 bats (D:1)
  5 kobolds
  5 rats
39 creatures vanquished.

Notes
Turn   | Place    | Note
-------+----------+-------------------------------------------
     0 | D:1      | Monsterracer the Felid Monk began the quest for the Orb.
     0 | D:1      | Reached XP level 1. HP: 10/10 MP: 2/2
    88 | D:1      | HP: 4/10 [kobold/dagger (3)]
   420 | D:1      | Reached XP level 2. HP: 9/14 MP: 1/3
  1595 | D:2      | Reached XP level 3. HP: 12/17 MP: 2/4
  1599 | D:2      | Learned a level 2 spell: Ensorcelled Hibernation
  1932 | D:1      | HP: 4/17 [gnoll/spear (11)]
  2410 | D:2      | HP: 8/17 [gnoll/club (3)]
  2612 | D:2      | HP: 5/17 [gnoll (8)]
  2613 | D:2      | Reached XP level 4. HP: 6/21 MP: 5/5
  2906 | D:2      | HP: 1/21 [gnoll/halberd (15)]
  3412 | D:2      | HP: 10/21 [gnoll/halberd (11)]
  3590 | D:3      | HP: 7/21 [adder (4)]
  3596 | D:3      | HP: 5/21 [poisoned by an adder]
  3601 | D:3      | HP: 4/21 [poisoned by an adder]
  3606 | D:3      | HP: 4/21 [poisoned by an adder]
  4305 | D:2      | HP: 10/21 [gnoll/halberd (5)]
  4307 | D:2      | Reached XP level 5. HP: 11/24 MP: 6/6
  4579 | D:3      | HP: 5/24 [orc wizard/puff of flame (9)]
  4582 | D:3      | Killed from afar by an orc wizard
  4583 | D:3      | Reached XP level 4. HP: -1/21 MP: 5/5
  4583 | D:3      | Quit the game

Skill      XL: |  1  2  3  4 |
---------------+-------------+-----
Stealth        | 3 4 |  4.1
Unarmed Combat | 4 |  4.2
Fighting       | |  3.6
Dodging        | |  4.9
Hexes          | |  0.7

Action                   |  1- 3 |  4- 6 || total
-------------------------+-------+-------++-------
Melee: Unarmed           |   130 |    52 ||   182
       Bite              |    16 |     7 ||    23
       Punch             |     4 |     1 ||     5
 Stab: Sleeping          |     5 |     2 ||     7
       Distracted        |       |     1 ||     1
  Eat: Chunk             |    11 |     3 ||    14
Armor: Skin              |     1 |       ||     1
Dodge: Dodged            |    94 |    33 ||   127

Vault maps used:
D:1:      nzn_arrival_crosshair
